 Dungeon Sprint DCSS version 0.27-a0-550-ge92ec0ca06 (webtiles) character file.

Game seed: 15240094460640727158

159 sahdkjhfkaj the Unseen (level 5, 0/25 HPs)
             Began as a Spriggan Brigand on Mar 7, 2021.
             Was an Elder of Dithmenos.
             Slain by a centaur (5 damage)
             ... in the Dungeon (Sprint VII: "The Pits").
             The game lasted 00:01:56 (1099 turns).

sahdkjhfkaj the Unseen (Spriggan Brigand)           Turns: 1099, Time: 00:01:57

Health: 0/25       AC:  3    Str:  7    XL:     5   Next: 17%
Magic:  6/6        EV: 16    Int: 12    God:    Dithmenos [****..]
Gold:   0          SH:  0    Dex: 18    Spells: 4/4 levels left

rFire    . . .     SeeInvis +   a - +0 dagger (elec)
rCold    . . .     Faith    .   (shield restricted)
rNeg     . . .     Spirit   .   b - +0 robe
rPois    .         Reflect  .   (helmet restricted)
rElec    .         Harm     .   c - +0 cloak
rCorr    .         Rampage  .   (gloves unavailable)
Will     .....     NoTele   +   (boots unavailable)
Stlth    ++++++++++             (no amulet)
HPRegen  0.08/turn              (no ring)
MPRegen  0.10/turn              (no ring)

@: wreathed by umbra, very quick
A: very small, unfitting armour, see invisible, speed 3
a: Renounce Religion, Shadow Step


You were in the Dungeon.
You worshipped Dithmenos.
Dithmenos was greatly pleased with you.
You visited 1 branch

Inventory:

Hand Weapons
 a - a +0 dagger of electrocution (weapon)
Missiles
 d - 7 poisoned darts (quivered)
 e - a curare-tipped dart
Armour
 b - a +0 robe (worn)
 c - a +0 cloak (worn)
Scrolls
 k - a scroll of blinking
 m - 5 scrolls of amnesia
 n - a scroll of summoning
Potions
 f - 4 potions of curing
 g - 6 potions of heal wounds
 h - a potion of haste
 i - 4 potions of magic
 j - a potion of berserk rage
 l - a potion of invisibility


   Skills:
 - Level 1.5 Fighting
 - Level 2.1 Short Blades
 - Level 2.0 Throwing
 - Level 1.3 Dodging
 + Level 16.0 Stealth


You had 4 spell levels left.
You didn't know any spells.
Your spell library was empty.

Dungeon Overview and Level Annotations

Branches:
Dungeon (1/1)

Altars:
Ashenzari
Cheibriados
Dithmenos
Elyvilon
Fedhas
Gozag
Hepliaklqana
Kikubaaqudgha
Makhleb
Nemelex Xobeh
Okawaru
Qazlal
Ru
Sif Muna
Trog
Uskayaw
Vehumet
Wu Jian
Xom
Yredelemnul
Zin
The Shining One
Beogh
Jiyva
Lugonu

Annotations:
D exclusion: 8 doors


Innate Abilities, Weirdness & Mutations

You are very small and have problems with some larger weapons.
You are too small for most types of armour.
You have supernaturally acute eyesight. (SInv)
You cover ground extremely quickly. (Speed+++)


Message History

No target in view!
No target in view!
No target in view!
No target in view!
No target in view!
No target in view!
No target in view!
No target in view!
No target in view!
No target in view!
No target in view!
No target in view!
No target in view!
No target in view!
No target in view!
You hit the white imp but do no damage.
Lightning courses through the white imp!
You kill the white imp!
Dithmenos accepts your kill.
Your Stealth skill increases to level 16!
d - a poisoned dart You start resting.
d - 2 poisoned darts (gained 1)
e - a curare-tipped dart;
d - 7 poisoned darts (gained 5)
You start resting.
HP restored.
As you open the door, it creaks loudly!
A centaur comes into view.
The centaur shouts!
The centaur wields a +0 shortbow.
The centaur shoots an arrow.
The arrow hits you!
You emit a cloud of dark smoke.
The centaur unwields a +0 shortbow.
The centaur hits you!
* * * LOW HITPOINT WARNING * * *
There is an open door here.
You hit the centaur but do no damage. The centaur completely misses you.
You hit the centaur but do no damage. Lightning courses through the centaur!
The centaur is severely wounded.
Your shadow hits the centaur but does no damage.
The centaur hits you.
You die...

#)#........##.......##..#
#'###########.......##..S
#..†....# #########
#..#.#..# #.##.##.#
#.......# #.##.##.#
#..#.#§§#+# #....§§§@c#
###########


You could see a centaur.

Vanquished Creatures
  A jelly (D)
  A gnoll shaman (D)
  An iguana (D)
  An adder (D)
  3 gnolls (D)
  A river rat (D)
  A white imp (D)
  A leopard gecko (D)
  2 orcs (D)
  A bat (D)
  A bat zombie (D)
  A giant cockroach (D)
  2 goblins (D)
  4 jackals (D)
21 creatures vanquished.

Notes
Turn   | Place    | Note
-------+----------+-------------------------------------------
     0 | D        | sahdkjhfkaj the Spriggan Brigand began the quest for the
                  | Orb.
     0 | D        | Reached XP level 1. HP: 10/10 MP: 2/2
    12 | D        | Reached skill level 6 in Stealth
    13 | D        | Reached skill level 7 in Stealth
    28 | D        | Reached skill level 8 in Stealth
    31 | D        | Found a bloodstained altar of Trog.
    31 | D        | Found a shimmering blue altar of Sif Muna.
    31 | D        | Found a viscous altar of Jiyva.
    31 | D        | Found a hazy altar of Hepliaklqana.
    31 | D        | Found an opulent altar of Gozag.
    33 | D        | Found a glowing golden altar of the Shining One.
    33 | D        | Found a glowing silver altar of Zin.
    33 | D        | Found a basalt altar of Yredelemnul.
    33 | D        | Found a shimmering altar of Xom.
    33 | D        | Found an ornate altar of the Wu Jian Council.
    33 | D        | Found a sacrificial altar of Ru.
    33 | D        | Found a stormy altar of Qazlal.
    33 | D        | Found an iron altar of Okawaru.
    33 | D        | Found a sparkling altar of Nemelex Xobeh.
    33 | D        | Found a burning altar of Makhleb.
    33 | D        | Found a blossoming altar of Fedhas.
    33 | D        | Found a white marble altar of Elyvilon.
    33 | D        | Found a shadowy altar of Dithmenos.
    33 | D        | Found a snail-covered altar of Cheibriados.
    34 | D        | Found a radiant altar of Vehumet.
    34 | D        | Found a corrupted altar of Lugonu.
    35 | D        | Found an ancient bone altar of Kikubaaqudgha.
    35 | D        | Found a hide-covered altar of Uskayaw.
    35 | D        | Found a broken altar of Ashenzari.
    40 | D        | Became a worshipper of Dithmenos the Shadowed
   176 | D        | Reached skill level 9 in Stealth
   176 | D        | Reached XP level 2. HP: 12/14 MP: 3/3
   233 | D        | Reached * piety under Dithmenos
   234 | D        | Reached skill level 10 in Stealth
   249 | D        | Reached ** piety under Dithmenos
   387 | D        | Reached skill level 12 in Stealth
   387 | D        | Reached XP level 3. HP: 6/18 MP: 4/4
   388 | D        | Reached *** piety under Dithmenos
   681 | D        | Reached skill level 13 in Stealth
   681 | D        | Reached XP level 4. HP: 10/22 MP: 5/5
   687 | D        | Reached skill level 14 in Stealth
   875 | D        | Reached skill level 15 in Stealth
   875 | D        | Reached **** piety under Dithmenos
   876 | D        | Reached XP level 5. HP: 21/25 MP: 6/6
   880 | D        | Reached skill level 16 in Stealth
  1096 | D        | Noticed a centaur
  1099 | D        | Slain by a centaur

Illustrated notes

Levels and vault maps discovered:
D:        pitsprint [storerooms_1, entrance_room_1, metal_vault_3, armoury_2,
          mini_pit_1, grid_room_1, main_hall_1, silver_pit, the_coven_3,
          the_vestibule_1, steel_vault_1, golden_pit, hallway_of_sentries,
          crystal_vault_4, iron_vault_1, final_vault]

Skill      XL: |  1  2  3  4  5 |
---------------+----------------+-----
Stealth        | 9 12 13 15 16 | 16.0
Fighting       | |  1.5
Short Blades   | |  2.1
Throwing       | |  2.0
Dodging        | |  1.3

Action                   |  1- 3 |  4- 6 || total
-------------------------+-------+-------++-------
Melee: Dagger            |    49 |    18 ||    67
Throw: Dart              |     9 |     3 ||    12
  Use: Potion            |     3 |     2 ||     5
 Stab: Sleeping          |     5 |       ||     5
Armor: Robe              |     3 |     3 ||     6
Dodge: Dodged            |    34 |    13 ||    47

Table legend: (Time is in decaauts)
 A = Elapsed time spent in this place.
 B = Non-inter-level travel time spent in this place.
 C = Inter-level travel time spent in this place.
 D = Time resting spent in this place.
 E = Time spent auto-exploring this place.
 F = Levels seen in this place.
 G = Mean time per level.
                   A        B        C        D        E       F      G
               +--------+--------+--------+--------+--------+-----+--------+
         Total |    994 |    979 |     15 |    510 |    247 |   1 |  994.0 |
       Dungeon |    994 |    979 |     15 |    510 |    247 |   1 |  994.0 |
               +--------+--------+--------+--------+--------+-----+--------+

Top non-repeatable levels by time:
       D: 994 daAuts
